 Dungeon Crawl Stone Soup version 0.32-a0-818-gb728d0252e (webtiles) character file.

Game seed: 12457262632527118264

92304 adelrune the Scholar of Death (level 15, -16/80 HPs)
             Began as a Felid Summoner on Mar 24, 2024.
             Was a Follower of Kikubaaqudgha.
             Demolished by a slime creature (18 damage)
             ... summoned by a glowing orange brain
             ... while paralysed by a formless jellyfish
             ... on level 3 of the Pits of Slime on Mar 25, 2024.
             The game lasted 02:16:55 (29021 turns).

adelrune the Scholar of Death (Felid Summoner)     Turns: 29021, Time: 02:16:56

Health: -16/80     AC:  5    Str:  6    XL:     15   Next: 57%
Magic:  33/41      EV:  4    Int: 30    God:    Kikubaaqudgha [*.....]
Gold:   332        SH:  0    Dex: 17    Spells: 4/38 levels left
                                        Lives:  0   Deaths: 5

rFire   . . .        (weapon unavailable)
rCold   + + .        (shield unavailable)
rNeg    . . .        (body armour unavailable)
rPois   .            (helmet unavailable)
rElec   .            (cloak unavailable)
rCorr   .            (gloves unavailable)
SInv    +            (boots unavailable)
Will    ++...        O - amulet of magic regeneration
Stlth   ++           w - +6 ring of intelligence
HPRegen 0.33/turn    N - ring of magical power
MPRegen 0.67/turn

%: no passive effects
@: confused, paralysed, lethally poisoned (-16 -> -31), death channelling,
hasted, constricted
A: very small, claws 1, fangs 3, see invisible, shaggy fur 3, stealthy paws, no
weapons or thrown items, no armour, multi-lived, iridescent scales 1, cold
resistance 1
a: Renounce Religion, Unearth Wretches


You were on level 3 of the Pits of Slime.
You worshipped Kikubaaqudgha.
Kikubaaqudgha was aware of your devotion.
You visited 5 branches of the dungeon, and saw 22 of its levels.

You collected 1569 gold pieces.
You spent 1237 gold pieces at shops.

Inventory:

Jewellery
 e - an amulet of guardian spirit
 k - an amulet of reflection
 t - a +4 ring of protection
 w - a +6 ring of intelligence (left paw)
 D - an amulet of the acrobat
 E - the ring "Botatzuc" {^Contam rN+ Int+3 Dex+2}
   (You found it on level 7 of the Dungeon)

   [ring of positive energy]

   Int+3:     It affects your intelligence (+3).
   Dex+2:     It affects your dexterity (+2).
   rN+:       It protects you from negative energy.
   ^Contam:   It causes magical contamination when unequipped.
 J - the ring "Siecun" {Ice rElec Str+3}
   (You found it on level 5 of the Lair of Beasts)

   [ring of ice]

   Ice:       It enhances your ice magic.
   Str+3:     It affects your strength (+3).
   rF-:       It makes you vulnerable to fire.
   rC+:       It protects you from cold.
   rElec:     It insulates you from electricity.
 M - a +6 ring of dexterity
 N - a ring of magical power (right paw)
 O - an amulet of magic regeneration (around neck)
Wands
 l - a wand of acid (4)
 n - a wand of polymorph (19)
 y - a wand of flame (18)
 G - a wand of mindburst (7)
 I - a wand of paralysis (3)
 L - a wand of roots (6)
Scrolls
 f - 10 scrolls of teleportation
 g - 5 scrolls of revelation
 j - 2 scrolls of vulnerability
 m - 2 scrolls of poison
 p - 2 scrolls of torment
 s - 6 scrolls of noise
 u - a scroll of fear
 x - 3 scrolls of fog
 A - 3 scrolls of immolation
 P - a scroll of identify
Potions
 a - 4 potions of magic
 b - a potion of heal wounds
 c - a potion of cancellation
 d - 4 potions of invisibility
 h - a potion of attraction
 i - 2 potions of brilliance
 o - a potion of resistance
 v - 2 potions of lignification
 z - 9 potions of curing
 B - 2 potions of enlightenment
 C - 3 potions of might
 F - 2 potions of ambrosia
Miscellaneous
 H - a phantom mirror
 K - a sack of spiders


   Skills:
 - Level 10.0 Fighting
 - Level 10.0 Dodging
 - Level 10.0 Stealth
 + Level 12.4 Spellcasting
 - Level 8.0 Hexes
 - Level 11.0 Summonings
 + Level 14.3 Necromancy
 - Level 5.0 Fire Magic
 - Level 5.0 Air Magic
 - Level 5.0 Earth Magic
 - Level 5.0 Evocations


You had 4 spell levels left.
You knew the following spells:

 Your Spells              Type           Power      Damage    Failure   Level
a - Summon Small Mammal   Summ           100%       N/A       1%          1
b - Call Canine Familiar  Summ           71%        N/A       1%          3
c - Summon Blazeheart Go  Fire/Summ      61%        N/A       1%          4
d - Summon Lightning Spi  Summ/Air       61%        N/A       1%          4
e - Death Channel         Necr           40%        N/A       1%          6
f - Anguish               Hex/Necr       35%        N/A       1%          4
g - Borgnjor's Vile Clut  Necr/Erth      33%        N/A       1%          5
h - Haunt                 Necr/Summ      38%        N/A       13%         7

Your spell library contained the following spells:

 Spells                   Type           Power      Damage    Failure   Level
 Necrotise                Necr           100%       1d9       0%          1
 Sublimation of Blood     Necr           81%        N/A       0%          2
 Kiss of Death            Conj/Necr      100%       2d13      1%          1
 Shock                    Conj/Air       100%       1d9       1%          1
 Call Imp                 Summ           100%       N/A       1%          2
 Cigotuvi's Dreadful Rot  Necr/Alch/Air  100%       N/A       1%          2
 Jinxbite                 Hex            100%       N/A       1%          2
 Mercury Vapours          Alch/Air       66%        N/A       1%          2
 Confusing Touch          Hex            61%        N/A       1%          3
 Fugue of the Fallen      Necr           81%        N/A       1%          3
 Passwall                 Erth           48%        N/A       1%          3
 Swiftness                Air            48%        N/A       1%          3
 Dispel Undead            Necr           81%        3d26      1%          4
 Apportation              Tloc           36%        N/A       2%          1
 Sting                    Conj/Alch      72%        1d7       2%          1
 Volatile Blastmotes      Fire/Tloc      66%        2d15      3%          3
 Airstrike                Air            24%        2d(4-20)  3%          4
 Brom's Barrelling Bould  Conj/Erth      33%        2d5       10%         4
 Olgreb's Toxic Radiance  Alch           18%        N/A       26%         4
 Passage of Golubria      Tloc           18%        N/A       26%         4
 Curse of Agony           Necr           81%        N/A       1%          5
 Silence                  Hex/Air        27%        N/A       5%          5
 Fireball                 Conj/Fire      16%        3d8       26%         5
 Borgnjor's Revivificati  Necr           40%        N/A       45%         8
 Infestation              Necr           40%        N/A       45%         8
 Alistair's Intoxication  Alch           12%        N/A       58%         5
 Iskenderun's Battlesphe  Conj           18%        2d7       58%         5
 Bombard                  Conj/Erth      16%        9d3       83%         6
 Conjure Ball Lightning   Conj/Air       16%        3x3d6     83%         6
 Spellforged Servitor     Conj/Summ      25%        N/A       94%         7
 Orb of Destruction       Conj           9%         9d6       100%        7
 Lehudib's Crystal Spear  Conj/Erth      16%        10d5      100%        8
 Death's Door             Necr           40%        N/A       100%        9


Dungeon Overview and Level Annotations

Branches:
Dungeon (11/15)            Temple (1/1) D:4            Lair (5/5) D:8
 Shoals (0/4) Lair:2       Spider (0/4) Lair:3        Slime (3/5) Lair:4
    Orc (2/2) D:11            Elf (0/3) Orc:2

Altars:
Ashenzari
Cheibriados
Dithmenos
Elyvilon
Fedhas
Gozag
Hepliaklqana
Kikubaaqudgha
Makhleb
Nemelex Xobeh
Okawaru
Qazlal
Ru
Sif Muna
Trog
Uskayaw
Vehumet
Wu Jian
Xom
Yredelemnul
Zin
The Shining One
Jiyva

Shops:
D:11 *=   Orc:2 ?!:(

Annotations:
D:3 1 runed translucent door, Crazy Yiuf
D:5 2 transporters, Azoth's ghost, novice HuHu; Eustachio
D:6 3 runed translucent doors, jerryboi's ghost, amateur MDHu
D:7 tymior's ghost, novice FoEn
D:8 3 runed translucent doors, ezpacito's ghost, novice CoCK
Lair:4 exclusion: 2 oklob plants


Innate Abilities, Weirdness & Mutations

You have sharp claws.
You have razor-sharp teeth.
You have supernaturally acute eyesight. (SInv)
Your thick and shaggy fur keeps you warm. (AC +3, rC+)
Your paws help you pounce on unaware monsters.
You are incapable of wielding weapons or throwing items.
You cannot wear armour.
You gain extra lives every three experience levels.
You are partially covered in iridescent scales. (AC +2)
Your flesh is cold resistant. (rC+)


Message History

Your spectral quicksilver ooze hits the slime creature.
You feel better. The golden eye blinks at you.
You resist with almost no effort.
Your spectral quicksilver ooze hits the slime creature but does no damage.
Your spectral quicksilver ooze hits the slime creature.
The golden eye blinks at you.
You are confused.
Your spectral acid blob hits the golden eye.
Your spectral slime creature hits the glowing orange brain!
Your spectral slime creature drains the glowing orange brain.
The formless jellyfish closely misses you.
The formless jellyfish grabs you. The formless jellyfish constricts you!
You scratch the slime creature.
The slime creature is lightly wounded.
The golden eye blinks at you. You resist with almost no effort.
Your spectral acid blob hits the golden eye!!
The golden eye dies!
The golden eye dissolves into shadows!
The glowing orange brain pulsates ominously.
The glowing orange brain pulsates.
Something gnaws on your mind!
You feel your power leaking away.
Something hits your spectral slime creature.
Your spectral slime creature hits the glowing orange brain.
The formless jellyfish's grasp on you weakens, but your attempt to escape fails.
Your spectral quicksilver ooze barely misses the slime creature.
Your spectral quicksilver ooze hits the slime creature!
The slime creature closely misses your spectral quicksilver ooze.
The golden eye blinks at you. You resist with almost no effort.
The formless jellyfish stings you!!
* * * LOW HITPOINT WARNING * * *
You suddenly lose the ability to move!
You are lethally poisoned!
The formless jellyfish poisons you! The formless jellyfish constricts you!
* * * LOW HITPOINT WARNING * * *
The slime creature hits you!!
You die...
Kikubaaqudgha rasps: You have failed me!
Welcome... death!

..........J.........
#......ZGZ.Z.....#.#
#....#.Z.........#
..##....#.Z.....#....#
...........J......##..#
.................## ..
..........JJGJ#.##. .
.#........JJG...#.#
#..........@.>.....
..<......>..........
....................
...#....<...........
....#...............
...................
....#..............
...#...........#... .#
#...............


You could see a formless jellyfish (summoned), a large slime creature, 3 slime
creatures, a rockslime, a glowing orange brain (drained, ally target), 2 golden
eyes, a friendly spectral acid blob, 2 friendly spectral slime creatures, a
friendly spectral quicksilver ooze and a friendly spectral formless jellyfish.

Vanquished Creatures
  An ettin (Orc:2)
  3 hydras
  3 death yaks
  3 skysharks
  2 orc knights
  An orc sorcerer (Orc:1)
  A manticore (Lair:4)
  A cyclops (D:11)
  4 elephants
  2 black mambas
  A meliai (Lair:4)
  A gargoyle (D:11)
  A torpor snail (Lair:3)
  A cane toad (Lair:2)
  A komodo dragon (Lair:4)
  A troll (Orc:1)
  Grinder (D:6)
  6 blink frogs (Lair:3)
  16 yaks
  2 basilisks (Lair:4)
  A water moccasin (Lair:4)
  Duvessa (D:6)
  3 orc warriors
  A black bear (D:6)
  An ogre (D:6)
  5 wolves (Lair:3)
  3 bullfrogs
  5 killer bees (Lair:4)
  A gnoll bouda (D:9)
  An iguana (D:6)
  3 orc wizards
  A gnoll (D:9)
  An adder (D:5)
  A ribbon worm (Lair:3)
  2 orcs (Orc:2)
  3 goblins
85 creatures vanquished.

Vanquished Creatures (collateral kills)
  5 acid blobs
  5 azure jellies
  3 rockslimes
  3 quicksilver oozes
  8 formless jellyfish
  A hydra (Lair:5)
  A catoblepas (Lair:5)
  2 death yaks (Lair:5)
  A deep troll shaman (Lair:5)
  A skyshark (Lair:3)
  A lindwurm (Lair:5)
  An orc knight (Orc:2)
  A cyclops (D:11)
  13 elephants
  A merfolk siren (Lair:2)
  2 kobold blastminers (Orc:2)
  Joseph (D:7)
  3 black mambas
  A meliai (Lair:4)
  2 eyes of devastation
  A gargoyle (D:10)
  A torpor snail (Lair:4)
  8 cane toads
  6 rime drakes
  6 komodo dragons
  5 polar bears
  5 trolls
  Prince Ribbit (D:5)
  19 blink frogs
  2 glass eyes (Slime:3)
  5 wyverns
  37 slime creatures
  A vampire (D:10)
  3 basilisks
  55 yaks
  Menkaure (D:5)
  13 water moccasins
  27 orc warriors
  5 black bears
  2 ice beasts (D:8)
  A sky beast (D:7)
  3 ogres (Orc:2)
  15 wolves
  8 centaurs
  2 kobold brigands
  13 bullfrogs
  4 scorpions (Lair:3)
  4 wights (D:8)
  Dowan (D:6)
  24 killer bees
  5 howler monkeys (D:9)
  3 bombardier beetles
  A hound (D:6)
  8 orc priests
  A sleepcap (D:7)
  Ijyb (D:3)
  An iguana (D:4)
  9 orc wizards
  10 adders
  9 gnolls
  5 white imps
  5 ribbon worms
  8 dart slugs
  64 orcs
  3 bats
  9 endoplasms
  A giant cockroach (D:2)
  8 goblins
  8 hobgoblins
  2 jackals (D:4)
  4 quokkas
  5 ball pythons
  A frilled lizard (D:1)
  10 kobolds
  A rat (D:2)
  2 butterflies (Lair:4)
518 creatures vanquished.

Vanquished Creatures (others)
  13 acid blobs
  9 rockslimes
  5 azure jellies
  5 quicksilver oozes
  3 formless jellyfish
  2 great orbs of eyes
  2 death yaks (Lair:5)
  An orc knight (Orc:2)
  An orc sorcerer (Orc:2)
  2 kobold blastminers (Orc:2)
  25 slime creatures
  5 yaks
  A warg (Orc:1)
  6 orc warriors (Orc:2)
  2 centaurs (Orc:2)
  A killer bee (D:9)
  2 orc priests
  A sleepcap (D:8)
  An orc wizard (Orc:2)
  4 orcs
  63 blazeheart cores
154 creatures vanquished.

Grand Total: 757 creatures vanquished

Notes
Turn   | Place    | Note
-------+----------+-------------------------------------------
     0 | D:1      | adelrune the Felid Summoner began the quest for the Orb.
     0 | D:1      | Reached XP level 1. HP: 9/9 MP: 4/4
   469 | D:1      | Reached XP level 2. HP: 13/13 MP: 1/6
  1135 | D:1      | Found a faded altar of an unknown god.
  1362 | D:2      | Reached XP level 3. HP: 7/16 MP: 1/8
  1439 | D:2      | Learned a level 3 spell: Call Canine Familiar
  2321 | D:3      | Reached XP level 4. HP: 21/21 MP: 4/9
  2321 | D:3      | Gained a life (2 lives remaining)
  2401 | D:3      | Slain by a gnoll
  2401 | D:3      | Lost a life (1 life remaining)
  2541 | D:3      | Reached skill level 5 in Summonings
  2845 | D:3      | Noticed Ijyb
  2863 | D:3      | Killed Ijyb
  2968 | D:3      | Reached XP level 5. HP: 24/24 MP: 8/11
  3430 | D:3      | Found a runed translucent door.
  3431 | D:3      | Noticed Crazy Yiuf
  3458 | D:3      | Reached skill level 1 in Evocations
  3559 | D:3      | Found a burning altar of Makhleb.
  4124 | D:4      | Gained mutation: You are covered in thick fur. (AC +2)
                  | [Felid growth]
  4124 | D:4      | Reached XP level 6. HP: 28/28 MP: 13/13
  4146 | D:4      | Learned a level 4 spell: Summon Blazeheart Golem
  4148 | D:4      | Found a staircase to the Ecumenical Temple.
  4214 | Temple   | Entered the Ecumenical Temple
  4227 | Temple   | Became a worshipper of Kikubaaqudgha
  4293 | D:4      | Reached skill level 1 in Fire Magic
  4801 | D:5      | Entered Level 5 of the Dungeon
  4968 | D:5      | Found a transporter.
  4968 | D:5      | Found a transporter.
  4968 | D:5      | Noticed Azoth's ghost (novice HuHu)
  4988 | D:5      | Noticed Prince Ribbit
  4997 | D:5      | Killed Prince Ribbit
  4998 | D:5      | Reached XP level 7. HP: 32/32 MP: 11/15
  4998 | D:5      | Gained a life (2 lives remaining)
  5057 | D:5      | Noticed Menkaure
  5088 | D:5      | Killed Menkaure
  5089 | D:5      | Reached skill level 5 in Spellcasting
  5103 | D:5      | HP: 1/32 [burnt (3)]
  5721 | D:5      | Noticed Eustachio
  6080 | D:6      | Noticed Grinder
  6089 | D:6      | Killed Grinder
  6090 | D:6      | Reached XP level 8. HP: 36/36 MP: 9/17
  6636 | D:6      | Noticed Duvessa
  6638 | D:6      | Noticed Dowan
  6649 | D:6      | Killed by an exploding blazeheart core
  6649 | D:6      | Lost a life (1 life remaining)
  6649 | D:6      | Killed Duvessa
  6658 | D:6      | Reached skill level 5 in Fire Magic
  6675 | D:6      | Reached * piety under Kikubaaqudgha
  6675 | D:6      | Received a gift from Kikubaaqudgha
  6713 | D:6      | Killed Dowan
  7000 | D:6      | Found a runed translucent gate.
  7000 | D:6      | Found a runed translucent gate.
  7000 | D:6      | Found a runed translucent gate.
  7002 | D:6      | Noticed jerryboi's ghost (amateur MDHu)
  7337 | D:7      | Found a shimmering blue altar of Sif Muna.
  7389 | D:7      | Noticed Joseph
  7400 | D:7      | Killed Joseph
  7401 | D:7      | Reached XP level 9. HP: 30/39 MP: 11/20
  7875 | D:7      | Found a transporter.
  7908 | D:7      | Found a transporter.
  8174 | D:7      | Noticed tymior's ghost (novice FoEn)
  8175 | D:7      | Noticed a moth of wrath
  8447 | D:7      | Identified the ring "Botatzuc" {^Contam rN+ Int+3 Dex+2}
  8613 | D:8      | Found an opulent altar of Gozag.
  8617 | D:8      | Found a hide-covered altar of Uskayaw.
  8642 | D:8      | Found an iron altar of Okawaru.
  8646 | D:8      | Found a radiant altar of Vehumet.
  8652 | D:8      | Learned a level 4 spell: Summon Lightning Spire
  8678 | D:8      | Reached skill level 1 in Air Magic
  8882 | D:8      | Found a staircase to the Lair.
  8975 | D:8      | Reached skill level 1 in Fighting
  9063 | D:8      | Found a runed translucent gate.
  9063 | D:8      | Noticed an efreet
  9064 | D:8      | Found a runed translucent gate.
  9064 | D:8      | Noticed a centaur warrior
  9064 | D:8      | Noticed ezpacito's ghost (novice CoCK)
  9066 | D:8      | Found a runed translucent gate.
 10017 | Lair:1   | Entered Level 1 of the Lair of Beasts
 10083 | Lair:1   | Noticed a polar bear
 10153 | Lair:1   | Killed a polar bear
 10254 | Lair:1   | Noticed a komodo dragon
 10274 | Lair:1   | Killed a komodo dragon
 10295 | Lair:1   | Noticed a polar bear
 10300 | Lair:1   | Killed a polar bear
 10301 | Lair:1   | Reached XP level 10. HP: 46/46 MP: 17/22
 10301 | Lair:1   | Gained a life (2 lives remaining)
 10404 | Lair:1   | Noticed a cane toad
 10417 | Lair:1   | Killed a cane toad
 10445 | Lair:1   | Reached skill level 5 in Stealth
 10709 | Lair:1   | Noticed a cane toad
 10726 | Lair:1   | Killed a cane toad
 10814 | Lair:1   | Noticed a black mamba
 10820 | Lair:1   | Killed a black mamba
 10822 | Lair:1   | Reached skill level 5 in Dodging
 11495 | Lair:2   | Reached skill level 5 in Air Magic
 11551 | Lair:2   | Reached XP level 11. HP: 53/53 MP: 20/24
 11572 | Lair:2   | Reached ** piety under Kikubaaqudgha
 11582 | Lair:2   | Noticed a skyshark
 11607 | Lair:2   | Killed a skyshark
 11613 | Lair:2   | Reached skill level 10 in Summonings
 11618 | Lair:2   | Reached skill level 5 in Evocations
 12294 | Lair:2   | Reached skill level 5 in Fighting
 12488 | Lair:2   | Found a staircase to the Shoals.
 13138 | Lair:3   | Reached *** piety under Kikubaaqudgha
 13138 | Lair:3   | Received a gift from Kikubaaqudgha
 13201 | Lair:3   | Learned a level 6 spell: Death Channel
 13206 | Lair:3   | Learned a level 4 spell: Anguish
 13380 | Lair:3   | Gained mutation: Your thick and shaggy fur keeps you warm.
                  | (AC +3, rC+) [Felid growth]
 13380 | Lair:3   | Reached XP level 12. HP: 26/60 MP: 16/26
 13382 | Lair:3   | Reached skill level 1 in Hexes
 13403 | Lair:2   | Slain by a blink frog
 13403 | Lair:2   | Lost a life (1 life remaining)
 13458 | Lair:3   | Reached skill level 1 in Necromancy
 13863 | Lair:3   | Reached skill level 2 in Necromancy
 14271 | Lair:3   | Reached skill level 10 in Stealth
 14274 | Lair:3   | Reached skill level 3 in Necromancy
 14277 | Lair:3   | HP: 2/62 [elephant (18)]
 14638 | Lair:3   | Found a hole to the Spider Nest.
 15083 | Lair:3   | Reached skill level 10 in Spellcasting
 15083 | Lair:3   | Reached skill level 5 in Hexes
 15198 | Lair:3   | Reached **** piety under Kikubaaqudgha
 15739 | Lair:4   | Reached skill level 4 in Necromancy
 15747 | Lair:4   | Reached skill level 10 in Dodging
 15847 | Lair:3   | HP: 1/63 [yak (11)]
 16077 | Lair:4   | Reached XP level 13. HP: 67/67 MP: 19/28
 16077 | Lair:4   | Gained a life (2 lives remaining)
 16495 | Lair:4   | Found a runed translucent door.
 16496 | Lair:4   | Found a viscous altar of Jiyva.
 16646 | Lair:4   | Found a staircase to the Slime Pits.
 16646 | Lair:4   | Noticed an azure jelly
 16895 | Lair:4   | Reached skill level 5 in Necromancy
 17302 | Lair:4   | Reached skill level 6 in Necromancy
 18015 | Lair:4   | Identified the +6 chain mail of Evolution {rN+ Regen+ SInv
                  | Stlth+}
 18057 | Lair:5   | Entered Level 5 of the Lair of Beasts
 18075 | Lair:4   | Reached skill level 7 in Necromancy
 18481 | Lair:5   | Reached skill level 8 in Necromancy
 19024 | Lair:5   | Reached skill level 9 in Necromancy
 19726 | Lair:5   | Reached skill level 10 in Necromancy
 20081 | Lair:5   | Reached ***** piety under Kikubaaqudgha
 20608 | Lair:5   | Reached skill level 11 in Necromancy
 20618 | Lair:5   | Reached XP level 14. HP: 51/72 MP: 9/29
 21446 | Lair:5   | Reached skill level 12 in Necromancy
 21621 | Lair:5   | Identified the ring "Siecun" {Ice rElec Str+3}
 21631 | Lair:5   | Identified the +9 hand axe of the Warrior-Mage {venom,
                  | Str+5 Int+2}
 22383 | D:9      | Learned a level 5 spell: Borgnjor's Vile Clutch
 23209 | D:10     | Entered Level 10 of the Dungeon
 23538 | D:10     | Reached skill level 1 in Earth Magic
 24690 | D:11     | Found a staircase to the Orcish Mines.
 24746 | D:11     | Found Tesudpupt's Tempting Trifles.
 24763 | D:11     | Found Dewurr's Jewellery Emporium.
 24772 | D:11     | Bought an amulet of magic regeneration for 330 gold pieces
 25090 | D:11     | Gained mutation: You are dopey. (Int -2) [mutagenic glow]
 25102 | D:11     | Lost mutation: You are dopey. (Int -2) [potion of mutation]
 25102 | D:11     | Gained mutation: You are frail. (-10% HP) [potion of
                  | mutation]
 25102 | D:11     | Gained mutation: Potions are less effective at restoring
                  | your health. [potion of mutation]
 25102 | D:11     | Gained mutation: Your spells are a little harder to cast,
                  | but a little more powerful. [potion of mutation]
 25103 | D:11     | Lost mutation: Your spells are a little harder to cast, but
                  | a little more powerful. [potion of mutation]
 25103 | D:11     | Lost mutation: Potions are less effective at restoring your
                  | health. [potion of mutation]
 25103 | D:11     | Gained mutation: Your body sometimes deteriorates upon
                  | taking damage. [potion of mutation]
 25104 | D:11     | Lost mutation: You are frail. (-10% HP) [potion of
                  | mutation]
 25104 | D:11     | Lost mutation: Your body sometimes deteriorates upon taking
                  | damage. [potion of mutation]
 25104 | D:11     | Gained mutation: You are agile. (Dex +4, Str/Int -1)
                  | [potion of mutation]
 25104 | D:11     | Gained mutation: Your flesh is cold resistant. (rC+)
                  | [potion of mutation]
 25104 | D:11     | Lost mutation: You are agile. (Dex +4, Str/Int -1) [potion
                  | of mutation]
 25104 | D:11     | Gained mutation: You are partially covered in iridescent
                  | scales. (AC +2) [potion of mutation]
 25142 | Orc:1    | Entered Level 1 of the Orcish Mines
 25182 | D:11     | HP: 1/73 [orc warrior/+0 long sword[an orc knight] (20)]
 25185 | D:11     | Mangled by an orc warrior
 25185 | D:11     | Lost a life (1 life remaining)
 25657 | Orc:2    | Entered Level 2 of the Orcish Mines
 25917 | Orc:2    | HP: 3/72 [orc sorcerer/bolt of fire (32)]
 26446 | Orc:2    | Reached ****** piety under Kikubaaqudgha
 26782 | Orc:2    | Found a staircase to the Elven Halls.
 26914 | Orc:2    | Received a gift from Kikubaaqudgha (forbidden knowledge)
 26924 | Orc:2    | Learned a level 7 spell: Haunt
 27380 | Orc:2    | Found Qazxaops's Distillery.
 27380 | Orc:2    | Found Fuged's Book Shop.
 27382 | Orc:2    | Found Xedudodi's Antique Weapon Boutique.
 27384 | Orc:2    | Found Adolous's Magic Scroll Shoppe.
 27396 | Orc:2    | Bought a scroll of identify for 34 gold pieces
 27396 | Orc:2    | Bought a scroll of teleportation for 51 gold pieces
 27396 | Orc:2    | Bought a scroll of identify for 34 gold pieces
 27396 | Orc:2    | Bought a scroll of fear for 68 gold pieces
 27396 | Orc:2    | Bought a scroll of identify for 34 gold pieces
 27396 | Orc:2    | Bought a scroll of revelation for 127 gold pieces
 27406 | Orc:2    | Bought a potion of magic for 104 gold pieces
 27406 | Orc:2    | Bought a potion of invisibility for 104 gold pieces
 27406 | Orc:2    | Bought a potion of curing for 39 gold pieces
 27406 | Orc:2    | Bought a potion of magic for 104 gold pieces
 27406 | Orc:2    | Bought 2 potions of invisibility for 208 gold pieces
 27615 | Lair:4   | Killed an azure jelly
 27674 | Slime:1  | Entered Level 1 of the Pits of Slime
 27692 | Slime:1  | Reached skill level 13 in Necromancy
 27920 | Slime:2  | Noticed an acid blob
 27934 | Slime:2  | Killed an acid blob
 28073 | Slime:2  | Noticed a quicksilver ooze
 28077 | Slime:2  | Noticed a rockslime
 28082 | Slime:2  | Noticed an acid blob
 28084 | Slime:2  | Killed a quicksilver ooze
 28086 | Slime:2  | Killed a rockslime
 28089 | Slime:2  | Killed an acid blob
 28093 | Slime:2  | Reached XP level 15. HP: 54/79 MP: 31/31
 28252 | Slime:2  | Noticed an acid blob
 28352 | Slime:2  | Noticed an azure jelly
 28355 | Slime:2  | Noticed a rockslime
 28357 | Slime:2  | Noticed an acid blob
 28362 | Slime:2  | Killed an azure jelly
 28363 | Slime:2  | Noticed an azure jelly
 28363 | Slime:2  | Paralysed by a formless jellyfish for 1 turns
 28363 | Slime:2  | Killed a rockslime
 28375 | Slime:2  | Reached skill level 5 in Earth Magic
 28375 | Slime:2  | Killed an azure jelly
 28381 | Slime:2  | Reached skill level 10 in Fighting
 28641 | Slime:2  | Noticed an azure jelly
 28651 | Slime:2  | Noticed a rockslime
 28656 | Slime:2  | Slain by an azure jelly
 28656 | Slime:2  | Lost a life (0 lives remaining)
 28700 | Slime:2  | Killed an azure jelly
 28956 | Slime:3  | Noticed an acid blob
 28956 | Slime:3  | Noticed an acid blob
 28960 | Slime:3  | Noticed an azure jelly
 28961 | Slime:3  | Noticed an azure jelly
 28961 | Slime:3  | Noticed a rockslime
 28967 | Slime:3  | Killed an acid blob
 28967 | Slime:3  | Noticed an acid blob
 28968 | Slime:3  | Noticed a rockslime
 28968 | Slime:3  | Killed an acid blob
 28969 | Slime:3  | Reached skill level 14 in Necromancy
 28973 | Slime:3  | Killed an acid blob
 28979 | Slime:3  | Killed a rockslime
 29001 | Slime:3  | Noticed a rockslime
 29021 | Slime:3  | Paralysed by a formless jellyfish for 1 turns
 29021 | Slime:3  | HP: 2/80 [constriction[a glowing orange brain] (7)]
 29021 | Slime:3  | Demolished by a slime creature

Illustrated notes

Levels and vault maps discovered:
D:1:      scummos_arrival_checkerplants, layout_basic,
          hellmonk_ecumenical_altar_arch_garden
D:2:      layout_rooms
D:3:      layout_basic, general_overflow_altar, uniq_crazy_yiuf_cottage,
          uniq_ijyb
D:4:      layout_rooms, minmay_temple_entry_slanted, dk_noncrumbling_3
D:5:      layout_loops_ring, gammafunk_ghost_arena, uniq_prince_ribbit1,
          uniq_menkaure, uniq_eustachio
D:6:      layout_loops_corners, ebering_ghost_rock_garden, uniq_grinder,
          uniq_duvessa
D:7:      layout_loops_ring, mainiacjoe_overflow_paths,
          gammafunk_ghost_berserking_beasts, uniq_joseph
D:8:      layout_basic, grunt_temple_overflow_open, lair_entry_dummy,
          gammafunk_ghost_split, kennysheep_generic_room_15
D:9:      layout_cross
D:10:     layout_irregular_city
D:11:     layout_rooms, hiddenorc2_lemuel, serial_shops,
          nicolae_shop_just_a_little_nook, minmay_misc_feat_rows,
          nicolae_alphabet_shops, minmay_strange_pillars
Temple:   nicolae_temple_bog_church
Lair:1:   layout_regular_city, lemuel_fruit_tree
Lair:2:   layout_regular_city, minmay_shoals_entry_lonely_mermaid
Lair:3:   layout_small_grid, nicolae_spider_entry_non_spiders,
          grunt_megastairs_3
Lair:4:   regret_index_harrowing_hell_hive, layout_regular_city, slime_entry_2,
          lemuel_fruit_fields
Lair:5:   grunt_lair_end_beastmaster, layout_gridlike,
          nicolae_volcano_entry_two_sided
Slime:1:  layout_caves, nicolae_slime_barrier
Slime:2:  layout_caves
Slime:3:  cheibrodos_slime_lost_civilization_1, layout_caves,
          nicolae_slime_welcoming_committee
Orc:1:    layout_diamond_mine, serial_shops, shop
Orc:2:    st_orc_rangers, layout_caves

Skill      XL: |  1  2  3  4  5  6  7  8  9 10 11 12 13 14 15 |
---------------+----------------------------------------------+-----
Spellcasting   | 3 4 5 6 7 8 9 10 11 12 | 12.4
Summonings     | 5 6 8 9 10 11 | 11.0
Evocations     | 1 3 4 5 |  5.0
Fire Magic     | 2 4 5 |  5.0
Stealth        | 4 6 9 10 | 10.0
Dodging        | 4 6 8 10 | 10.0
Air Magic      | 2 5 |  5.0
Fighting       | 2 3 5 7 9 10 | 10.0
Hexes          | 6 7 8 |  8.0
Necromancy     | 4 11 13 14 | 14.3
Earth Magic    | 4 5 |  5.0

Action                     |  1- 3 |  4- 6 |  7- 9 | 10-12 | 13-15 || total
---------------------------+-------+-------+-------+-------+-------++-------
  Melee: Unarmed           |     7 |    12 |    35 |     7 |    20 ||    81
         Bite              |       |     2 |     2 |     1 |     2 ||     7
         Punch             |       |       |     1 |       |       ||     1
   Cast: Summon Small Mamm |    64 |    11 |    10 |     3 |     3 ||    91
         Call Canine Famil |     2 |    26 |    30 |    45 |    41 ||   144
         Summon Blazeheart |       |       |    12 |    38 |    74 ||   124
         Summon Lightning  |       |       |    10 |    53 |   109 ||   172
         Anguish           |       |       |       |       |    46 ||    46
         Death Channel     |       |       |       |       |    42 ||    42
         Borgnjor's Vile C |       |       |       |       |     3 ||     3
 Invoke: Unearth Wretches  |       |       |       |       |    26 ||    26
         Receive Forbidden |       |       |       |       |     1 ||     1
  Evoke: Wand              |       |     3 |     1 |    12 |     6 ||    22
         Sack of spiders   |       |       |       |       |     1 ||     1
         Phantom mirror    |       |       |       |       |     1 ||     1
    Use: Potion            |     1 |     3 |     1 |     1 |    14 ||    20
         Scroll            |       |     2 |    14 |     2 |     9 ||    27
   Stab: Betrayed ally     |       |       |       |       |     1 ||     1
 Armour: Skin              |    10 |    19 |    31 |    71 |   195 ||   326
  Dodge: Dodged            |    24 |    18 |    69 |   157 |   445 ||   713
  Block: Other             |       |     6 |    27 |    25 |    44 ||   102
         Reflection        |       |       |     1 |       |     2 ||     3

Table legend: (Time is in decaauts)
 A = Elapsed time spent in this place.
 B = Non-inter-level travel time spent in this place.
 C = Inter-level travel time spent in this place.
 D = Time resting spent in this place.
 E = Time spent auto-exploring this place.
 F = Levels seen in this place.
 G = Mean time per level.
                   A        B        C        D        E       F      G
               +--------+--------+--------+--------+--------+-----+--------+
         Total |  29027 |  28109 |    918 |  10755 |  10383 |  22 | 1319.4 |
       Dungeon |  13682 |  13251 |    431 |   3963 |   6401 |  11 | 1243.8 |
        Temple |     26 |      3 |     23 |      0 |      0 |   1 |   26.0 |
          Lair |  11997 |  11554 |    443 |   5416 |   3264 |   5 | 2399.4 |
    Slime Pits |   1322 |   1322 |      0 |    503 |    445 |   3 |  440.7 |
  Orcish Mines |   1998 |   1978 |     20 |    873 |    273 |   2 |  999.0 |
               +--------+--------+--------+--------+--------+-----+--------+

Top non-repeatable levels by time:
  Lair:5: 3329 daAuts
  Lair:4: 2702 daAuts
  Lair:3: 2638 daAuts
  Lair:2: 1764 daAuts
     D:3: 1652 daAuts
     D:8: 1563 daAuts
  Lair:1: 1563 daAuts
   Orc:2: 1445 daAuts
     D:9: 1361 daAuts
     D:1: 1338 daAuts
    D:11: 1304 daAuts
     D:6: 1234 daAuts
     D:5: 1161 daAuts
     D:7: 1159 daAuts
 Slime:2: 1035 daAuts
